 Dungeon Crawl Stone Soup version 0.26-a0-224-g2964c8cf50 (webtiles) character file.

Game seed: 9787274128461224066

592 dobroeutro the Cudgeler (level 7, -3/41 HPs)
             Began as a Gargoyle Fighter on July 6, 2020.
             Was an Initiate of Okawaru.
             Slain by an ogre
             ... wielding a +0 giant club
              (14 damage)
             ... on level 4 of the Dungeon.
             The game lasted 00:04:23 (3749 turns).

dobroeutro the Cudgeler (Gargoyle Fighter)          Turns: 3749, Time: 00:04:24

Health: -3/41      AC: 11    Str: 21    XL:     7   Next: 39%
Magic:  7/7        EV:  7    Int:  8    God:    Okawaru [......]
Gold:   346        SH:  9    Dex: 10    Spells: 6/6 levels left

rFire    . . .     SeeInvis .   a - +0 flail
rCold    . . .     Faith    .   c - +0 kite shield
rNeg     + . .     Spirit   .   b - +0 scale mail
rPois    ∞         Reflect  .   (no helmet)
rElec    +         Harm     .   (no cloak)
rCorr    .                      (no gloves)
MR       .....                  (no boots)
Stlth    +.........             t - amulet of regeneration
HPRegen  0.53/turn              k - ring of stealth
MPRegen  0.10/turn              (no ring)

@: no status effects
A: negative energy resistance 1, electricity resistance, unbreathing,
petrification resistance, rot immunity, AC +4
a: Renounce Religion


You were on level 4 of the Dungeon.
You worshipped Okawaru.
Okawaru was noncommittal.
You were not hungry.

You visited 1 branch of the dungeon, and saw 4 of its levels.

You collected 346 gold pieces.

Inventory:

Hand Weapons
 a - a +0 flail (weapon)
Missiles
 o - 13 poisoned darts (quivered)
Armour
 b - a +0 scale mail (worn)
 c - a +0 kite shield (worn)
Jewellery
 k - a ring of stealth (left hand)
 t - an amulet of regeneration (around neck)
Wands
 u - a wand of random effects (19)
Scrolls
 g - 4 scrolls of identify
 j - a scroll of remove curse
 l - a scroll of random uselessness {unknown}
 n - a scroll of teleportation {unknown}
 p - a scroll of amnesia {unknown}
 s - 3 scrolls of enchant weapon {unknown}
 x - a scroll of immolation {unknown}
Potions
 d - a potion of might
 e - 2 potions of magic
 h - a potion of heal wounds {unknown}
 i - 3 potions of mutation
 q - a potion of cancellation {unknown}
 r - 2 potions of ambrosia
 v - a potion of brilliance {unknown}
 w - a potion of haste {unknown}
Comestibles
 f - 2 rations


   Skills:
 + Level 3.6 Fighting
 + Level 7.4 Maces & Flails
 + Level 3.6 Armour
 + Level 0.9 Dodging
 + Level 3.6 Shields


You had 6 spell levels left.
You didn't know any spells.
Your spell library was empty.

Dungeon Overview and Level Annotations

Branches:
Dungeon (4/15)
 Temple: D:4-7

Altars:
Ashenzari
Cheibriados
Dithmenos
Gozag
Kikubaaqudgha
Makhleb
Okawaru
Sif Muna
Trog


Innate Abilities, Weirdness & Mutations

You are resistant to torment.
Your stone body is resilient. (AC +4)
You are immune to poison.
You resist negative energy. (rN+)
You are resistant to electric shocks. (rElec)
You can survive without breathing.
You are immune to petrification.
You are immune to rotting.


Message History

The ogre hits you with a +0 giant club!!
Ouch! That really hurt!
* * * LOW HITPOINT WARNING * * *
You are too injured to fight recklessly!
It was a potion of ambrosia.
You are confused.
You feel invigorated. The ogre closely misses you.
You bump into the rock wall.
The ogre barely misses you.
You bump into the rock wall.
The ogre hits you with a +0 giant club!
You barely miss the ogre.
The ogre is lightly wounded.
The ogre hits you with a +0 giant club!!
* * * LOW HITPOINT WARNING * * *
It was a potion of magic.
Magic courses through your body.
You feel less invigorated.
You feel less confused. The ogre closely misses you.
The ogre hits you with a +0 giant club!
You die...

#[...#.#?...... ####.###
#.##.#.#......(#####..#
#.##.#.#.##.......###.#
#......#.#####.##.# #.#
####.###.### #. #.# #.#
####.###.... .. #.# #.# ##
#.......# ### #.# #.# .#
#.#..##.#########.###.# .#
#...........@O.....(.## .#
#..##..##..##.....###########
.#
#.####....####.#..##<#....._#
.####.## ##..##
##...##..'..)...# ......)##
#..# ##..####..#....._#
####....###..###...#
#..######## #..#..........#.#
##.##### #
#..#.........[#.#####.....####
#....###..###....(...........#


You could see an ogre.

Vanquished Creatures
  A phantom (D:3)
  A scorpion (D:4)
  A howler monkey (D:4)
  An orc wizard (D:4)
  An iguana (D:4)
  Natasha (thrice) (D:2)
  6 worker ants
  A gnoll (D:4)
  5 adders
  An ooze (D:1)
  A worm (D:3)
  A dart slug (D:4)
  5 leopard geckos
  9 orcs
  3 ball pythons
  3 giant cockroaches (D:2)
  4 goblins
  5 hobgoblins
  7 jackals
  6 kobolds
  8 bats
  5 frilled lizards
  A leopard gecko skeleton (D:4)
  9 rats
88 creatures vanquished.

Notes
Turn   | Place    | Note
-------+----------+-------------------------------------------
     0 | D:1      | dobroeutro the Gargoyle Fighter began the quest for the
                  | Orb.
     0 | D:1      | Reached XP level 1. HP: 14/14 MP: 1/1
   150 | D:1      | Reached XP level 2. HP: 19/19 MP: 2/2
   212 | D:1      | Reached skill level 3 in Maces & Flails
   349 | D:1      | Reached XP level 3. HP: 23/23 MP: 3/3
  1096 | D:2      | Reached skill level 4 in Maces & Flails
  1134 | D:2      | Noticed Natasha
  1151 | D:2      | Reached XP level 4. HP: 21/28 MP: 4/4
  1153 | D:2      | Killed Natasha
  1408 | D:2      | Found a shadowy altar of Dithmenos.
  1496 | D:2      | Noticed Natasha
  1505 | D:2      | Killed Natasha
  1505 | D:2      | Reached skill level 5 in Maces & Flails
  1505 | D:2      | Reached XP level 5. HP: 27/32 MP: 5/5
  1596 | D:2      | Noticed Natasha
  1602 | D:2      | Killed Natasha
  1761 | D:2      | Found a snail-covered altar of Cheibriados.
  1984 | D:2      | Found a burning altar of Makhleb.
  1993 | D:2      | Found a shattered altar of Ashenzari.
  2118 | D:3      | Noticed a phantom
  2147 | D:3      | Killed a phantom
  2147 | D:3      | Reached skill level 6 in Maces & Flails
  2147 | D:3      | Reached XP level 6. HP: 27/37 MP: 6/6
  2472 | D:3      | Found a faded altar of an unknown god.
  2583 | D:3      | Found a shimmering blue altar of Sif Muna.
  2618 | D:3      | Found an opulent altar of Gozag.
  2845 | D:3      | Found an ancient bone altar of Kikubaaqudgha.
  3213 | D:4      | Reached skill level 7 in Maces & Flails
  3247 | D:4      | Reached XP level 7. HP: 34/41 MP: 7/7
  3463 | D:4      | Found a bloodstained altar of Trog.
  3464 | D:4      | Found an iron altar of Okawaru.
  3474 | D:4      | Became a worshipper of Warmaster Okawaru
  3749 | D:4      | Slain by an ogre

Illustrated notes

Levels and vault maps discovered:
D:1:      lightli_arrival_quake, layout_loops_ring
D:2:      layout_basic, nicolae_overflow_crystal_walls, lemuel_round_altar,
          amethyst_overflow_temple_binary, uniq_natasha
D:3:      layout_loops_ring, kiku_gazebo_pond_becter, lemuel_round_altar,
          lemuel_crystal_altar, first_ration, chequers_ecumenical_altar_grove
D:4:      layout_loops_cross, grunt_temple_overflow_bloody_war,
          kennysheep_mini_moat, palyth_stone_intersect, due_unseen_surprise

Skill      XL: |  1  2  3  4  5  6 |
---------------+-------------------+-----
Maces & Flails | 3 4 5 6 7 |  7.4
Fighting       | |  3.6
Armour         | |  3.6
Dodging        | |  0.9
Shields        | |  3.6

Action                   |  1- 3 |  4- 6 |  7- 9 || total
-------------------------+-------+-------+-------++-------
Melee: Flail             |   177 |   174 |    41 ||   392
Throw: Dart              |       |    11 |     4 ||    15
  Use: Scroll            |       |     2 |       ||     2
       Potion            |       |       |     2 ||     2
  Eat: Ration            |     1 |     2 |       ||     3
Armor: Scale mail        |   115 |    82 |    10 ||   207
Dodge: Dodged            |    70 |    47 |    15 ||   132
Block: Kite shield       |   109 |   103 |    14 ||   226

Table legend:
 A = Non-vault XP
 B = Vault XP
 C = Vault XP percentage of total XP
 D = Non-vault monster count
 E = Vault monster count
 F = Vault count percentage of total count
                 A         B        C        D         E       F
            +---------+---------+-------+---------+---------+-------
      Total |     797 |      49 |   5.8 |      86 |       2 |   2.3
            +---------+---------+-------+---------+---------+-------
        D:1 |      44 |       0 |   0.0 |      25 |       0 |   0.0
        D:2 |     139 |      35 |  20.1 |      25 |       1 |   3.8
        D:3 |     211 |       0 |   0.0 |      19 |       0 |   0.0
        D:4 |     403 |      14 |   3.4 |      17 |       1 |   5.6
            +---------+---------+-------+---------+---------+-------
